 Dungeon Crawl Stone Soup version 0.28.0-45-g0d030f2227 (webtiles) character file.

Game seed: 6909373027813575631

47281 croobank the Cleaver (level 14, -3/190 HPs)
             Began as a Hill Orc Fighter on Apr 2, 2022.
             Was a High Priest of Beogh.
             Slain by Saint Roka
             ... wielding a +2 great mace of protection
              (45 damage)
             ... on level 2 of the Orcish Mines.
             The game lasted 01:28:51 (23959 turns).

croobank the Cleaver (Hill Orc Fighter)            Turns: 23959, Time: 01:29:09

Health: -3/190     AC: 27    Str: 24    XL:     14   Next: 41%
Magic:  21/23      EV:  7    Int:  8    God:    Beogh [*****.]
Gold:   1028       SH:  8    Dex: 10    Spells: 13/13 levels left

rFire   + . .      SeeInvis +   J - +4 eveningstar (drain)
rCold   + + .      Faith    .   c - +2 buckler
rNeg    . . .      Spirit   .   r - +4 plate armour
rPois   .          Reflect  .   p - +2 helmet
rElec   .          Harm     .   w - scarf {rC+ rF+}
rCorr   .          Rampage  .   G - +2 pair of gloves
Will    +....                   m - +0 pair of boots
Stlth   ..........              u - amulet of the acrobat
HPRegen 0.41/turn               e - ring of see invisible
MPRegen 0.18/turn               k - ring of protection from cold

@: mighty, berserking (expiring), very quick
A: walk on water, screaming 1
a: Renounce Religion, Smiting, Recall Orcish Followers, Give Item to Named
Follower


You were on level 2 of the Orcish Mines.
You worshipped Beogh.
Beogh was extremely pleased with you.
You visited 3 branches of the dungeon, and saw 19 of its levels.

You collected 1412 gold pieces.
You spent 384 gold pieces at shops.

Inventory:

Hand Weapons
 a - a +5 war axe
 b - the +7 arbalest "Fintian" {vorpal, MP+9 Stlth+}
   (You found it on level 10 of the Dungeon)

   Any ammunition fired from it inflicts extra damage upon your enemies.
   MP:        It affects your magic capacity (+9).
   Stlth:     It makes you more stealthy.
 i - the +6 trident of the Dove {drain, rC+ Dex+2}
   (You found it on level 6 of the Lair of Beasts)

   A truly terrible weapon, it drains the life of any living foe it strikes.
   Dex:       It affects your dexterity (+2).
   rC:        It protects you from cold.
 j - a +4 dire flail of holy wrath
 o - a +2 short sword of electrocution
 F - a +2 great sword
 J - a +4 eveningstar of draining (weapon)
 K - a +0 battleaxe
 R - a +3 great mace of venom
Missiles
 f - 106 bolts
 y - 5 boomerangs (quivered)
Armour
 c - a +2 buckler (worn)
 m - a +0 pair of boots (worn)
 p - a +2 helmet (worn)
 r - a +4 plate armour (worn)
 w - a scarf of resistance (worn)
 B - a +2 leather armour of fire resistance
 G - a +2 pair of gloves (worn)
Jewellery
 e - a ring of see invisible (left hand)
 k - a ring of protection from cold (right hand)
 u - an amulet of the acrobat (around neck)
 x - a ring of resist corrosion
 H - a +6 ring of dexterity
Wands
 g - a wand of iceblast (9)
 n - a wand of mindburst (5)
 C - a wand of charming (12)
 E - a wand of flame (51)
 Y - a wand of paralysis (2)
Scrolls
 d - 3 scrolls of fear
 h - 6 scrolls of fog
 q - 3 scrolls of teleportation
 A - a scroll of magic mapping
 L - 3 scrolls of immolation
 U - 2 scrolls of holy word
 W - a scroll of blinking
 Z - 5 scrolls of identify
Potions
 l - 4 potions of flight
 t - a potion of cancellation
 z - a potion of brilliance
 D - 3 potions of mutation
 I - 2 potions of ambrosia
 M - a potion of lignification
 N - 2 potions of might
 O - 2 potions of resistance
 P - 5 potions of curing
 Q - a potion of heal wounds
 V - 2 potions of magic
Miscellaneous
 v - a condenser vane
 S - a tin of tremorstones (2/2)


   Skills:
 + Level 12.6 Fighting
 - Level 13.0(15.1) Axes
 + Level 10.5(12.5) Maces & Flails
 + Level 11.5 Armour
 + Level 1.5 Dodging
 - Level 11.3 Shields
 + Level 12.3 Invocations
 - Level 6.6 Evocations


You had 13 spell levels left.
You didn't know any spells.
Your spell library contained the following spells:

 Spells                   Type           Power      Damage    Failure   Level
 Sandblast                Erth           0%         2d4       99%         1
 Corpse Rot               Necr/Air       0%         N/A       100%        2
 Passwall                 Tmut/Erth      0%         N/A       100%        2
 Poisonous Vapours        Pois/Air       0%         N/A       100%        2
 Dazzling Flash           Conj/Hex       0%         N/A       100%        3
 Gell's Gravitas          Tloc           0%         N/A       100%        3
 Ignite Poison            Fire/Tmut/Pois 0%         N/A       100%        3
 Lesser Beckoning         Tloc           0%         N/A       100%        3
 Mephitic Cloud           Conj/Pois/Air  0%         N/A       100%        3
 Stone Arrow              Conj/Erth      0%         3d7       100%        3
 Teleport Other           Tloc           0%         N/A       100%        3
 Leda's Liquefaction      Hex/Erth       0%         N/A       100%        4
 Petrify                  Tmut/Erth      0%         N/A       100%        4
 Summon Lightning Spire   Summ/Air       0%         N/A       100%        4
 Agony                    Necr           0%         N/A       100%        5
 Alistair's Intoxication  Tmut/Pois      0%         N/A       100%        5
 Borgnjor's Vile Clutch   Necr/Erth      0%         N/A       100%        5
 Freezing Cloud           Conj/Ice/Air   0%         6-21      100%        5
 Iskenderun's Battlesphe  Conj           0%         2d6       100%        5
 Lee's Rapid Deconstruct  Erth           0%         3d5*      100%        5
 Metabolic Englaciation   Hex/Ice        0%         N/A       100%        5
 Silence                  Hex/Air        0%         N/A       100%        5
 Death Channel            Necr           0%         N/A       100%        6
 Eringya's Noxious Bog    Tmut/Pois      0%         N/A       100%        6
 Iron Shot                Conj/Erth      0%         9d1       100%        6
 Simulacrum               Ice/Necr       0%         N/A       100%        6
 Statue Form              Tmut/Erth      0%         N/A       100%        6
 Spellforged Servitor     Conj/Summ      0%         N/A       100%        7
 Storm Form               Tmut/Air       0%         N/A       100%        7
 Maxwell's Capacitive Co  Air            0%         ∞         100%        8
 Chain Lightning          Conj/Air       0%         N/A       100%        9
 Fire Storm               Conj/Fire      0%         5d1       100%        9
 Shatter                  Erth           0%         3d5*      100%        9


Dungeon Overview and Level Annotations

Branches:
Dungeon (11/15)            Temple (0/1) D:4            Lair (6/6) D:11
 Shoals (0/4) Lair:4        Snake (0/4) Lair:4        Slime (0/5) Lair:6
    Orc (2/2) D:11
    Elf: Orc:2

Altars:
Ashenzari
Cheibriados
Makhleb
Sif Muna
Uskayaw
Vehumet
Wu Jian
Xom
Jiyva

Shops:
D:3 (   D:4 (   D:7 [   Orc:2 !

Annotations:
D:8 Erica
Lair:4 3 runed translucent doors, Dasos's ghost, journeyman BaFi; Gyrgh's ghost, journeyman TrBe
Orc:2 Maurice; Saint Roka


Innate Abilities, Weirdness & Mutations

You can walk on water.
You occasionally shout uncontrollably at your foes.


Message History

An orc comes into view. It is wielding a +0 trident.
The orc falls on its knees before you.
Your orc priest hits the warg with a +0 dagger.
The orc knight roars a battlecry!
Saint Roka goes into a battle-frenzy!
The warg bites you but does no damage.
You closely miss Saint Roka.
Saint Roka is severely wounded.
Saint Roka calls down the wrath of Beogh upon you.
Beogh smites you!
* * * LOW HITPOINT WARNING * * *
Your orc warrior hits the warg with a +0 mace.
The troll barely misses your orc. The troll claws your orc.
The troll claws your orc!
Your orc dies!
Your orc priest closely misses the warg.
Your orc barely misses the orc knight.
The warg bites you but does no damage.
You hit Saint Roka.
Saint Roka is severely wounded.
The ogre closely misses your orc warrior.
Your orc wizard casts a spell.
Your orc wizard flickers and vanishes for a moment.
Saint Roka mumbles some strange prayers to Beogh against you.
Beogh smites you!
* * * LOW HITPOINT WARNING * * *
Your orc warrior hits the warg with a +0 mace.
You puncture Saint Roka!
Saint Roka is severely wounded.
The warg bites you but does no damage.
Your orc hits the troll but does no damage.
Your orc priest mumbles some strange prayers to Beogh against Saint Roka.
Saint Roka is smitten.
Okay, then.
You completely miss Saint Roka.
Saint Roka is almost dead.
The ogre hits your orc warrior with a +0 giant club!
The warg bites you but does no damage.
Saint Roka hits you with a +2 great mace of protection!!!
You die...
Beogh appreciates Saint Roka's killing of a heretic priest.

....... .......)...#
o).....#..........##
.T......#+#.......##
.).))...#.#.....)..#
..o)....#.#.......##
....Oo..#∩##......#
.....ooh≈)+.#.....#
.....Oho≈o+.......##
.....##@#<#........#
.....oo##.#...)#...#
......oo#.#...###.##
..#.....#'#........#
.......)).)......##
.........)......###
.......)........#
............##.##
...........# ##


You could see Saint Roka (strong, drained, ally target), an orc knight (strong),
a troll, 2 wargs, 2 ogres, 3 friendly orc warriors, a friendly orc priest, a
friendly orc wizard (invisible) and 3 friendly orcs.

Vanquished Creatures
  2 ogre magi (Orc:2)
  A hydra (Lair:2)
  A merfolk avatar (Lair:6)
  A centaur warrior (D:11)
  3 two-headed ogres
  A wizard (D:10)
  A lindwurm (Lair:6)
  Pikel (D:8)
  2 cyclopes (D:10)
  An orc knight (D:10)
  A manticore (Lair:4)
  3 centaur zombies (D:10)
  An elephant (Lair:5)
  2 gargoyles
  3 black mambas
  7 cane toads
  2 komodo dragons
  A troll (D:10)
  A hornet (D:9)
  Prince Ribbit (D:9)
  4 meliai (D:10)
  A wind drake (Lair:6)
  4 blink frogs
  A dream sheep (Lair:5)
  A snapping turtle (Lair:6)
  A wraith (D:9)
  5 wyverns
  24 yaks
  Edmund (D:6)
  An acid dragon (D:10)
  2 wargs (D:11)
  11 water moccasins
  Duvessa (D:7)
  5 black bears
  An ice beast (D:6)
  2 orc warriors
  7 ogres
  4 wolves
  A necrophage (D:8)
  2 centaurs
  A phantom (D:7)
  2 lemures (D:8)
  A kobold brigand (D:8)
  2 bullfrogs
  A wyvern zombie (D:9)
  3 scorpions
  Dowan (D:7)
  A water moccasin zombie (D:5)
  20 killer bees
  6 wights (D:10)
  2 howler monkeys
  2 electric eels
  A bullfrog zombie (D:6)
  3 hounds (D:5)
  A jelly (D:6)
  A bullfrog skeleton (D:6)
  3 gnoll shamans
  2 orc priests
  A centaur skeleton (D:7)
  3 iguanas
  2 scorpion zombies (D:5)
  5 orc wizards
  A killer bee zombie (D:8)
  A mummy (D:10)
  4 howler monkey zombies
  13 gnolls
  13 adders
  A shadow imp (D:8)
  A white imp (D:6)
  2 worms (D:2)
  2 dart slugs
  26 orcs
  11 ball pythons
  7 endoplasms
  3 giant cockroaches
  11 goblins
  4 hobgoblins
  3 jackals (D:4)
  11 kobolds
  9 quokkas
  4 bats
  2 frilled lizards (D:1)
  10 rats
  A bush (D:1)
319 creatures vanquished.

Vanquished Creatures (collateral kills)
  6 hydras
  A boulder beetle (Lair:2)
  2 catoblepae
  A centaur warrior (D:10)
  7 two-headed ogres
  A harpy (Lair:6)
  3 manticores (Lair:6)
  6 elephants
  5 black mambas
  A torpor snail (Lair:3)
  Maggie (D:10)
  2 centaur zombies
  6 cane toads
  A kobold demonologist (D:11)
  7 komodo dragons
  2 rime drakes (Lair:6)
  2 wind drakes
  4 hornets (Lair:6)
  4 polar bears
  4 blink frogs
  4 dream sheep (Lair:5)
  39 yaks
  A wyvern (Lair:6)
  3 basilisks
  2 steam dragons (Lair:6)
  A warg (D:11)
  2 nagas (Lair:4)
  23 water moccasins
  2 orc warriors (Orc:2)
  3 ogres (Orc:2)
  12 wolves
  A kobold brigand (D:11)
  4 bullfrogs
  A killer bee (D:10)
  A wight (D:10)
  An electric eel (Lair:1)
  A howler monkey (D:11)
  An orc priest (D:11)
  5 orc wizards
  A howler monkey zombie (D:11)
  2 gnolls (D:10)
  11 adders
  8 orcs
  A kobold (D:11)
196 creatures vanquished.

Vanquished Creatures (others)
  An orc warlord (Orc:2)
  An orc high priest (Orc:2)
  An orc sorcerer (Orc:2)
  An orc knight (Orc:2)
  7 orc wizards
  4 orc priests
  8 orc warriors
  13 orcs
  A goblin (D:3)
  40 fungi
  97 plants
  3 toadstools (D:7)
  3 withered plants (D:10)
180 creatures vanquished.

Grand Total: 695 creatures vanquished

Notes
Turn   | Place    | Note
-------+----------+-------------------------------------------
     0 | D:1      | croobank the Hill Orc Fighter began the quest for the Orb.
     0 | D:1      | Reached XP level 1. HP: 19/19 MP: 1/1
    29 | D:1      | Reached skill level 3 in Axes
    29 | D:1      | Reached XP level 2. HP: 20/27 MP: 2/2
   436 | D:1      | Reached XP level 3. HP: 31/33 MP: 3/3
   947 | D:1      | Found a faded altar of an unknown god.
  1197 | D:1      | Reached XP level 4. HP: 4/40 MP: 4/4
  1789 | D:2      | Found a snail-covered altar of Cheibriados.
  2491 | D:3      | Found Pewukuh's Weapon Boutique.
  2494 | D:3      | Became a worshipper of Beogh the Brigand
  2550 | D:3      | Reached XP level 5. HP: 47/47 MP: 5/5
  2603 | D:3      | Reached skill level 4 in Axes
  2865 | D:3      | Noticed a black bear
  2874 | D:3      | Killed a black bear
  2875 | D:3      | Reached skill level 5 in Fighting
  2875 | D:3      | Reached XP level 6. HP: 52/56 MP: 6/6
  3232 | D:4      | Found Odaxkywe's Weapon Emporium.
  3648 | D:4      | Found a staircase to the Ecumenical Temple.
  3667 | D:4      | Reached * piety under Beogh
  3669 | D:4      | Noticed a black bear
  3682 | D:4      | Killed a black bear
  3683 | D:4      | Reached skill level 5 in Axes
  3683 | D:4      | Reached skill level 5 in Armour
  3683 | D:4      | Reached skill level 1 in Invocations
  3683 | D:4      | Reached XP level 7. HP: 53/61 MP: 7/7
  3687 | D:4      | Found a hide-covered altar of Uskayaw.
  3843 | D:4      | Found a radiant altar of Vehumet.
  3925 | D:4      | Reached skill level 5 in Shields
  4034 | D:5      | Entered Level 5 of the Dungeon
  4292 | D:5      | Found a broken altar of Ashenzari.
  4533 | D:5      | Reached ** piety under Beogh
  4667 | D:5      | Reached skill level 6 in Axes
  4667 | D:5      | Reached XP level 8. HP: 70/70 MP: 10/10
  5123 | D:6      | Noticed Edmund
  5141 | D:6      | Killed Edmund
  5735 | D:6      | Reached skill level 7 in Axes
  6174 | D:6      | Reached skill level 5 in Invocations
  6352 | D:7      | Reached XP level 9. HP: 79/79 MP: 12/12
  6621 | D:7      | Noticed Duvessa
  6785 | D:7      | Noticed Dowan
  6788 | D:7      | Killed Duvessa
  6801 | D:7      | Killed Dowan
  6801 | D:7      | Reached *** piety under Beogh
  6943 | D:7      | Reached skill level 8 in Axes
  7344 | D:7      | Found Guygh's Antique Armour Shoppe.
  7401 | D:7      | Bought a pair of glowing gloves for 202 gold pieces
  7527 | D:8      | Noticed Pikel
  7547 | D:8      | Killed Pikel
  8004 | D:8      | Reached XP level 10. HP: 81/90 MP: 15/15
  8477 | D:8      | Noticed Erica
  8495 | D:8      | HP: 4/90 [poisoned by Erica (bolt of poison)]
  8982 | D:8      | Found a shimmering blue altar of Sif Muna.
  9596 | D:9      | Reached skill level 9 in Axes
  9676 | D:9      | Noticed a two-headed ogre
  9689 | D:9      | Killed a two-headed ogre
  9883 | D:9      | Gained Ognian as an ally
  9937 | D:9      | Noticed Prince Ribbit
  9937 | D:9      | Noticed a gargoyle
  9944 | D:9      | Killed a gargoyle
  9944 | D:9      | Reached **** piety under Beogh
  9951 | D:9      | Killed Prince Ribbit
 10351 | D:9      | Your ally Ognian died
 10567 | D:10     | Entered Level 10 of the Dungeon
 10619 | D:10     | HP: 4/91 [meliai/+0 war axe (10)]
 10778 | D:10     | Reached skill level 1 in Evocations
 11139 | D:10     | Noticed Maggie
 11181 | D:10     | Killed Maggie
 11182 | D:10     | Reached skill level 10 in Axes
 11182 | D:10     | Reached XP level 11. HP: 83/97 MP: 17/17
 11594 | D:10     | Reached skill level 10 in Fighting
 11812 | D:10     | Noticed a wizard
 11816 | D:10     | Killed a wizard
 11871 | D:10     | Noticed an orc knight
 11879 | D:10     | Noticed a cyclops
 11882 | D:10     | Killed an orc knight
 11884 | D:10     | Noticed a centaur warrior
 11888 | D:10     | Killed a cyclops
 11889 | D:10     | Killed a centaur warrior
 12295 | D:10     | Found a faded altar of an unknown god.
 12295 | D:10     | Found an ornate altar of the Wu Jian Council.
 12303 | D:10     | Found a shimmering altar of Xom.
 12308 | D:10     | Found a burning altar of Makhleb.
 12327 | D:10     | Reached skill level 11 in Axes
 12327 | D:10     | Found a faded altar of an unknown god.
 12522 | D:10     | Noticed a cyclops
 12530 | D:10     | Killed a cyclops
 12590 | D:10     | Identified the +7 arbalest "Fintian" {vorpal, MP+9 Stlth+}
 12591 | D:10     | Got Gaitz's Incunabulum of Darkness
 12772 | D:11     | Gained Herok as an ally
 12778 | D:11     | Reached skill level 10 in Invocations
 12820 | D:11     | Reached ***** piety under Beogh
 12958 | D:11     | Noticed a centaur warrior
 12967 | D:11     | Killed a centaur warrior
 12967 | D:11     | Gained Geork as an ally
 12968 | D:11     | Reached XP level 12. HP: 27/108 MP: 16/19
 12974 | D:11     | Noticed a two-headed ogre
 12981 | D:11     | Killed a two-headed ogre
 13015 | D:11     | Noticed a six-headed hydra
 13022 | D:11     | Your ally Herok died
 13024 | D:11     | Killed a six-headed hydra
 13072 | D:11     | Reached skill level 10 in Shields
 13088 | D:11     | Reached skill level 10 in Armour
 13096 | D:11     | Gained Harm as an ally
 13532 | D:11     | Found a staircase to the Lair.
 13619 | D:11     | Noticed a two-headed ogre
 13624 | D:11     | Killed a two-headed ogre
 13784 | D:11     | Gained mutation: You occasionally shout uncontrollably at
                  | your foes. [a neqoxec]
 13864 | D:11     | Found a staircase to the Orcish Mines.
 14010 | Lair:1   | Entered Level 1 of the Lair of Beasts
 14212 | Lair:1   | Reached skill level 5 in Evocations
 14766 | Lair:1   | Reached skill level 12 in Axes
 15421 | Lair:1   | Noticed a seven-headed hydra
 15427 | Lair:1   | Killed a seven-headed hydra
 15612 | Lair:2   | Noticed a catoblepas
 15629 | Lair:2   | Killed a catoblepas
 15730 | Lair:2   | Noticed a five-headed hydra
 15735 | Lair:2   | Killed a five-headed hydra
 15970 | Lair:2   | Noticed an eight-headed hydra
 15978 | Lair:2   | Killed an eight-headed hydra
 16166 | Lair:2   | Noticed a boulder beetle
 16176 | Lair:2   | Killed a boulder beetle
 16501 | Lair:2   | Reached XP level 13. HP: 79/117 MP: 21/21
 18445 | Lair:4   | Found a staircase to the Shoals.
 19071 | Lair:4   | Found a staircase to the Snake Pit.
 19077 | Lair:4   | Reached skill level 13 in Axes
 19093 | Lair:4   | Found a runed translucent gate.
 19093 | Lair:4   | Found a runed translucent gate.
 19093 | Lair:4   | Found a runed translucent gate.
 19862 | Lair:4   | Noticed Gyrgh's ghost (journeyman TrBe)
 19862 | Lair:4   | Noticed Dasos's ghost (journeyman BaFi)
 19983 | Lair:4   | You fall into a shaft and drop 2 floors!
 19983 | Lair:6   | Entered Level 6 of the Lair of Beasts
 19983 | Lair:6   | Found a staircase to the Slime Pits.
 19983 | Lair:6   | Found a viscous altar of Jiyva.
 20013 | Lair:6   | Paralysed by a hornet for 2 turns
 20024 | Lair:6   | Reached skill level 1 in Maces & Flails
 20369 | Lair:6   | Paralysed by a hornet for 3 turns
 20467 | Lair:6   | Reached skill level 5 in Maces & Flails
 21404 | Lair:5   | Reached XP level 14. HP: 89/127 MP: 23/23
 22091 | Lair:6   | Reached skill level 10 in Maces & Flails
 22393 | Lair:6   | Reached ****** piety under Beogh
 22513 | Lair:6   | Identified a scroll of acquirement
 22513 | Lair:6   | Acquired a +4 eveningstar of draining
 22519 | Lair:6   | Identified the +6 trident of the Dove {drain, rC+ Dex+2}
 23273 | Orc:1    | Entered Level 1 of the Orcish Mines
 23486 | Orc:2    | Entered Level 2 of the Orcish Mines
 23690 | Orc:2    | Reached skill level 1 in Dodging
 23700 | Orc:2    | Noticed Saint Roka
 23710 | Orc:2    | Your ally Harm died
 23717 | Orc:2    | Your ally Geork died
 23803 | Orc:2    | Found Wostoatyam's Distillery.
 23821 | Orc:2    | Bought a potion of berserk rage for 65 gold pieces
 23821 | Orc:2    | Bought a potion of heal wounds for 65 gold pieces
 23821 | Orc:2    | Bought a potion of might for 52 gold pieces
 23948 | Orc:2    | Noticed Maurice
 23959 | Orc:2    | Slain by Saint Roka

Illustrated notes

Levels and vault maps discovered:
D:1:      amcnicky_arrival_double_pillar, layout_rooms,
          dreamdust_ecumenical_altar_grove, serial_forest,
          infiniplex_forest_lined_2, infiniplex_forest_side_room,
          infiniplex_forest_straight_3, infiniplex_forest_lined_2,
          infiniplex_forest_straight_2, infiniplex_forest_lined_room_,
          infiniplex_forest_fountain, infiniplex_forest_clump_small,
          amcnicky_mini_rare_corridor_liquid, minmay_distorted
D:2:      layout_rooms, serial_co_window_serial, co_window_paths_a,
          co_window_cross_1, co_window_corner_a, co_window_paths_a,
          co_window_paths_a, co_window_2corner, co_window_unsneaky_path_d,
          co_window_corner_ca, co_window_paths_c, co_window_corner_b,
          co_window_broadway_c, co_window_2corner, co_window_4corner_b,
          glass_columns_a, glass_columns_a, basic_altar
D:3:      layout_basic, serial_shops, nicolae_diamond_shop
D:4:      layout_basic, nicolae_vehumet_radiance,
          minmay_temple_entry_drinking_statues, serial_shops,
          nicolae_shop_bloodbath_and_beyond, corner_web_ring,
          minmay_ruined_shrine
D:5:      layout_loops_cross, cheibrodos_ashenzari_chains, minmay_quadrilaterals
D:6:      layout_loops_ring, uniq_edmund
D:7:      layout_cave_pools, serial_shops, nicolae_stop_n_shop_1,
          minmay_gold_behind_fungi, nicolae_grassy_gnolls, uniq_duvessa
D:8:      layout_basic, led_sif_book, uniq_erica, uniq_pikel
D:9:      layout_roguey, uniq_prince_ribbit1
D:10:     wander_river, layout_gridville, chequers_temple_overflow_minitemple,
          serial_undead, serial_undead_a, serial_undead_b, serial_undead_a,
          serial_undead_d, nicolae_water_bricks, minmay_the_grid_2x2
          [minmay_the_grid_broken_lines, minmay_the_grid_spikes,
          minmay_the_grid_outer_diamond, minmay_the_grid_prize_shrinking_boxes],
          uniq_maggie
D:11:     layout_roguey, lair_entry_dummy, minmay_orc_entry_guard_dogs,
          minmay_fractal_squares_5
Lair:1:   layout_cellular_growth, serial_bayou, serial_bayou_ford_a,
          serial_bayou_pond_d, serial_bayou_pond_a, serial_bayou_pond_a,
          serial_bayou_shore_b, serial_bayou_crossing
Lair:2:   layout_hall_layers, infiniplex_staircase_pool
Lair:3:   layout_regular_city
Lair:4:   layout_roguey, minmay_shoals_entry_beasts,
          guppyfry_snake_entry_garden, gammafunk_ghost_cemetery,
          infiniplex_staircase_pool_2, grunt_megastairs_1
Lair:5:   lemuel_reptile_caves, layout_big_grid, beast_lair_carwin_11
Lair:6:   gammafunk_lair_ancient_temple, layout_regular_city, slime_altar_1
Orc:1:    layout_caves
Orc:2:    st_orc_ogre_mass, layout_caves, serial_shops, nicolae_lakefront_shop,
          nicolae_shop_advertising_works [nicolae_subvault_shop_adworks],
          nicolae_shop_hallway_stairs, uniq_maurice, uniq_saint_roka

Skill      XL: |  1  2  3  4  5  6  7  8  9 10 11 12 13 14 |
---------------+-------------------------------------------+-----
Axes           | 3 4 5 6 7 8 10 11 12 13 | 13.0
Fighting       | 4 5 6 7 8 9 10 11 12 | 12.6
Armour         | 4 5 6 7 8 9 10 11 | 11.5
Shields        | 4 5 6 7 8 9 10 11 | 11.3
Invocations    | 1 3 5 6 8 10 11 12 | 12.3
Evocations     | 1 4 5 6 |  6.6
Maces & Flails | 8 10 | 10.5
Dodging        | 1 |  1.5

Action                   |  1- 3 |  4- 6 |  7- 9 | 10-12 | 13-15 || total
-------------------------+-------+-------+-------+-------+-------++-------
Melee: War axe           |   135 |   143 |   312 |   301 |       ||   891
       Dire flail        |       |       |       |   150 |   269 ||   419
       Eveningstar       |       |       |       |       |    52 ||    52
Throw: Stone             |       |       |     3 |     1 |       ||     4
       Throwing net      |       |       |     1 |       |       ||     1
       Boomerang         |       |       |       |       |     1 ||     1
Invok: Convert to Beogh  |       |     1 |       |       |       ||     1
       Recall Orcish Fol |       |       |       |     1 |     2 ||     3
       Smiting           |       |       |       |     6 |     6 ||    12
       Give Item to Name |       |       |       |     2 |       ||     2
Evoke: Wand              |       |       |       |    10 |     2 ||    12
       Condenser vane    |       |       |       |     1 |       ||     1
  Use: Potion            |     1 |       |     4 |     8 |     6 ||    19
       Scroll            |       |    13 |     2 |    16 |    15 ||    46
 Stab: Distracted        |       |       |       |     4 |     5 ||     9
Armor: Scale mail        |    50 |    78 |   154 |       |       ||   282
       Plate armour      |       |       |       |   289 |   264 ||   553
       Chain mail        |       |       |       |    44 |       ||    44
       Skin              |       |       |       |     3 |       ||     3
Dodge: Dodged            |    50 |    74 |   142 |   157 |   119 ||   542
Block: Buckler           |    30 |    32 |    94 |   104 |    11 ||   271
